 Dungeon Crawl Stone Soup version 0.26.0-10-g1f06aea511 (webtiles) character file.

Game seed: 4567915093099481437

86 inc the Conjurer (level 4, 18/18 HPs)
             Began as a Felid Conjurer on Jan 29, 2021.
             Quit the game on level 3 of the Dungeon.
             The game lasted 00:08:12 (3860 turns).

inc the Conjurer (Felid Conjurer)                   Turns: 3860, Time: 00:08:13

Health: 18/18      AC:  1    Str:  3    XL:     4   Next: 27%
Magic:  8/10       EV: 18    Int: 20    God:
Gold:   109        SH:  0    Dex: 14    Spells: 7/10 levels left
                                        Lives:  0   Deaths: 1

rFire    . . .     SeeInvis +   (weapon unavailable)
rCold    . . .     Faith    .   (shield unavailable)
rNeg     . . .     Spirit   .   (armour unavailable)
rPois    .         Reflect  .   (helmet unavailable)
rElec    .         Harm     .   (cloak unavailable)
rCorr    .         Rampage  .   (gloves unavailable)
Will     .....                  (boots unavailable)
Stlth    +++.......             (no amulet)
HPRegen  0.06/turn              (no ring)
MPRegen  0.12/turn              (no ring)

@: quick
A: very small, no armour, no weapons or thrown items, stealth, claws 1, fangs 3,
see invisible, speed 1, shaggy fur 1, sharp paws
a: no special abilities


You were on level 3 of the Dungeon.
You visited 1 branch of the dungeon, and saw 4 of its levels.

You collected 109 gold pieces.

Inventory:

Jewellery
 j - an uncursed amulet of regeneration {unknown}
Scrolls
 a - a scroll of remove curse
 f - 2 scrolls of identify
 g - a scroll of fear {unknown}
 i - a scroll of enchant armour {unknown}
Potions
 b - a potion of lignification {unknown}
 c - a potion of haste
 d - a potion of resistance {unknown}
 e - 2 potions of flight {unknown}
 h - 2 potions of might


   Skills:
 - Level 2.9 Dodging
 - Level 2.6 Stealth
 + Level 3.5 Spellcasting
 + Level 5.0 Conjurations


You had 7 spell levels left.
You knew the following spells:

 Your Spells              Type           Power        Failure   Level
a - Magic Dart            Conj           92%          1%          1
b - Searing Ray           Conj           46%          2%          2

Your spell library contained the following spells:

 Spells                   Type           Power        Failure   Level
 Dazzling Flash           Conj/Hex       26%          14%         3
 Fulminant Prism          Conj/Hex       6%           43%         4
 Iskenderun's Mystic Bla  Conj/Tloc      13%          43%         4


Dungeon Overview and Level Annotations

Branches:
Dungeon (4/15)
 Temple: D:4-7

Altars:
Elyvilon
Okawaru
Trog


Innate Abilities, Weirdness & Mutations

You cannot wear armour.
You are incapable of wielding weapons or throwing items.
Your paws allow you to move quietly. (Stealth)
You have sharp claws.
You have razor-sharp teeth.
You have supernaturally acute eyesight. (SInv)
You cover ground quickly.
You are covered in fur. (AC +1)
Your sharp claws are effective at attacking unaware monsters.


Message History

The quokka bites you.
The orc priest mumbles some strange prayers to Beogh against you.
Pain shoots through your body!
The searing ray hits the orc priest.
The orc priest is severely wounded.
The quokka barely misses you. The orc hits you.
* * * LOW HITPOINT WARNING * * *
The orc priest barely misses you.
The searing ray hits the orc priest!
You kill the orc priest!
You finish channeling your searing ray.
The quokka bites you.
You die...
The orc closely misses you.
You are now level 3!
You rejoin the land of the living...
Your Conjurations skill increases to level 5!
Welcome back to level 4!
Unknown command.
Unknown command.
Are you sure you want to abandon this character and quit the game? (Confirm with "yes".)

##.......##.# ###.....##....
#.........#.# #.......######
#.......♣.♣♣♣ #.#.....# #
#.......P.♣.♣ #.......# #
#.........PP♣##.......######
#.......♣................[..
#.......♣♣.♣♣#..############
#.........#.#...####
#........o#@.......###
#........r†....###...# ###
#........).....#####.#####..
##.......#..................
##.....##.....#######......
########.....# ###....
###..#### #.... #......#
#.... #......#######....


You could see a quokka.

Vanquished Creatures
  An orc priest (D:3)
  2 worker ants (D:3)
  2 adders
  An ooze (D:3)
  3 worms
  A dart slug (D:3)
  A leopard gecko (D:2)
  An orc (D:3)
  3 bats
  A giant cockroach (D:3)
  7 goblins
  4 hobgoblins
  3 jackals (D:2)
  7 kobolds
  A quokka (D:3)
  2 frilled lizards
  4 rats
44 creatures vanquished.

Vanquished Creatures (others)
  7 plants (D:3)
7 creatures vanquished.

Grand Total: 51 creatures vanquished

Notes
Turn   | Place    | Note
-------+----------+-------------------------------------------
     0 | D:1      | inc the Felid Conjurer began the quest for the Orb.
     0 | D:1      | Reached XP level 1. HP: 7/7 MP: 4/4
   865 | D:2      | Reached skill level 4 in Conjurations
   865 | D:2      | Reached XP level 2. HP: 11/11 MP: 4/6
   970 | D:2      | Found a white marble altar of Elyvilon.
  1053 | D:2      | Found a bloodstained altar of Trog.
  1229 | D:2      | Reached XP level 3. HP: 11/14 MP: 0/7
  1461 | D:2      | Learned a level 2 spell: Searing Ray
  1700 | D:2      | Found an iron altar of Okawaru.
  2991 | D:3      | Reached XP level 4. HP: 18/18 MP: 5/9
  3859 | D:3      | Slain by a quokka
  3860 | D:3      | Reached XP level 3. HP: -4/14 MP: 5/8
  3860 | D:3      | Reached skill level 5 in Conjurations
  3860 | D:3      | Reached XP level 4. HP: 18/18 MP: 8/10
  3860 | D:3      | Quit the game

Illustrated notes

Levels and vault maps discovered:
D:1:      elethiomel_arrival_maze, layout_basic, minivault_26,
          grunt_decor_junction, roderic_lattice_a
D:2:      layout_loops_ring, lemuel_round_altar, grunt_temple_overflow_open,
          kennysheep_nondescript
D:3:      layout_rooms, serial_forest, infiniplex_forest_pool,
          infiniplex_forest_corner_1, infiniplex_forest_zigzag_1,
          infiniplex_forest_clump_double, infiniplex_forest_straight_5,
          infiniplex_forest_end_2, infiniplex_forest_straight_3
D:4:      layout_rooms, nzn_hepliaklqana_mist_gate, serial_shops,
          nicolae_shop_behind_doors, ebering_ghost_reflecting_pool

Skill      XL: |  1  2  3 |
---------------+----------+-----
Conjurations   | 4 5 |  5.0
Spellcasting   | 3 |  3.5
Dodging        | |  2.9
Stealth        | |  2.6

Action                   |  1- 3 |  4- 6 || total
-------------------------+-------+-------++-------
Melee: Unarmed           |    10 |    31 ||    41
       Bite              |     1 |     6 ||     7
 Cast: Magic Dart        |    66 |     9 ||    75
       Searing Ray       |    10 |     6 ||    16
  Use: Scroll            |     3 |       ||     3
Dodge: Dodged            |    19 |    21 ||    40
